Map: Solaris LE

Players

PAYBACKsmj - Winner!

  • Race: Protoss Protoss
  • League: Diamond
  • Spawn Location: 1:00

SubN

  • Race: Zerg Zerg
  • League: Diamond
  • Spawn Location: 7:00

VOD

Have the link to the VOD?

Description

Time

  • Played on: Nov. 17, 2023, 3:59 p.m.
  • Length: 9:28
Show
View Real Time Build Order
Export as new Build Order

PAYBACKsmj Protoss - Winner!

Build Orders: Nexus First 

Get SALT Encoding   

  12  0:00  Probe  
  13  0:12  Probe  
  14  0:19  Pylon  
  14  0:24  Probe  
  15  0:37  Probe  
  16  0:49  Probe  
  17  1:00  Nexus  
  17  1:03  Probe  
  18  1:15  Probe  
  19  1:19  Gateway  
  19  1:27  Probe  
  20  1:39  Probe  
  21  1:45  Gateway  
  21  1:47  Assimilator  
  21  1:51  Probe, Assimilator  
  22  1:57  Pylon  
  22  2:03  Probe  
  23  2:14  Probe  
  24  2:16  Probe  
  25  2:26  Probe  
  25  2:28  Cybernetics Core, Probe  
  27  2:38  Probe  
  27  2:40  Probe  
  29  2:50  Probe (Chrono Boost)  
  30  2:53  Probe (Chrono Boost)  
  31  2:58  Warp Gate (Chrono Boost)  
  31  3:01  Probe x2 (Chrono Boost)  
  31  3:03  Gateway  
  31  3:04  Gateway  
  27  3:05  Adept x2  
  33  3:08  Probe  
  33  3:10  Probe  
  39  3:21  Pylon  
  39  3:23  Probe x2  
  41  3:28  Pylon  
  41  3:35  Probe x2  
  43  3:44  Robotics Facility  
  43  3:46  Assimilator  
  43  3:47  Probe, Adept x2  
  43  3:48  Probe  
  49  3:59  Probe  
  50  4:20  Probe x2  
  50  4:32  Probe  
  50  4:33  Adept x4  
  50  4:35  Probe  
  58  4:44  Probe  
  59  4:47  Probe  
  59  4:50  Pylon  
  59  4:51  Pylon  
  60  4:53  Twilight Council  
  60  4:54  Pylon  
  60  4:59  Stalker  
  62  5:08  Immortal  
  66  5:28  Probe x2  
  66  5:35  Adept x4  
  72  5:37  Charge (Chrono Boost)  
  64  5:44  Forge  
  64  5:45  Forge  
  64  5:50  Immortal  
  68  6:00  Assimilator  
  68  6:11  Stalker  
  68  6:12  Stalker x3  
  68  6:14  Robotics Bay, Nexus  
  68  6:16  Pylon  
  76  6:19  Pylon, Protoss Ground Armor Level 1 (Chrono Boost)  
  76  6:20  Protoss Ground Weapons Level 1 (Chrono Boost)  
  70  6:49  Probe x2  
  70  6:50  Zealot x4  
  78  6:59  Gateway  
  78  7:01  Gateway  
  78  7:04  Gateway  
  78  7:05  Gateway  
  77  7:13  Zealot x3  
  77  7:14  Zealot  
  81  7:33  Probe x2  
  81  7:34  Probe  
  81  7:37  Zealot x3  
  86  7:43  Gateway x2  
  90  7:45  Probe  
  91  7:54  Warp Prism (Chrono Boost)  
  91  7:57  Zealot  
  91  7:58  Zealot x4  
  103  8:08  Stalker x2  
  107  8:23  Zealot x3  
  107  8:24  Zealot x2  
  117  8:40  Templar Archives  
  117  8:44  Assimilator  
  117  8:46  Assimilator  
  117  8:49  Pylon  
  117  8:51  Pylon  
  117  8:52  Nexus  
  117  8:53  Pylon  
  117  8:54  Pylon  
  117  8:55  Pylon  
  117  8:57  Pylon  
  117  8:59  Pylon  
  117  9:05  Probe x2  
  117  9:07  Probe  
  116  9:12  Zealot x3  
  116  9:13  Zealot x6  
Show
View Real Time Build Order
Export as new Build Order

SubN Zerg 

Build Orders: 3 Hatch before Pool 

Get SALT Encoding   

  12  0:00  Drone  
  13  0:10  Drone  
  14  0:33  Hatchery  
  13  0:37  Drone  
  14  1:07  Drone, Hatchery  
  14  1:20  Spawning Pool  
  14  1:25  Drone  
  14  1:32  Extractor  
  13  1:33  Drone  
  15  1:40  Overlord  
  15  1:52  Drone x3  
  18  1:59  Overlord  
  18  2:21  Drone x6, Extractor  
  23  2:27  Queen  
  25  2:45  Queen  
  25  2:47  Queen  
  29  2:51  Drone x3  
  29  2:58  Drone x3  
  35  3:00  Drone  
  35  3:03  Drone  
  37  3:09  Queen  
  39  3:12  Overlord  
  39  3:24  Drone x3  
  42  3:36  Overlord  
  43  3:41  Drone  
  43  3:43  Drone x7  
  43  3:47  Extractor  
  49  3:49  Drone  
  49  3:53  Extractor  
  49  3:55  Queen x3  
  47  4:26  Drone  
  47  4:27  Drone x12  
  57  4:46  Drone  
  58  5:02  Spine Crawler  
  58  5:05  Overlord x3  
  50  5:16  Zergling x2  
  50  5:17  Zergling x16  
  52  5:27  Overlord  
  43  5:35  Metabolic Boost  
  37  5:44  Drone x2  
  37  5:45  Drone x7  
  46  5:54  Queen x2  
  46  5:55  Queen  
  52  6:00  Drone x4  
  56  6:12  Drone x3  
  53  6:39  Drone x11  
  57  6:49  Drone  
  57  6:50  Drone x2  
  60  7:04  Drone x10  
  67  7:26  Lair  
  67  7:27  Baneling Nest  
  67  7:29  Drone x8  
  71  7:37  Overlord  
  71  7:38  Overlord x2  
  71  7:47  Drone x5  
  76  7:53  Extractor  
  76  7:54  Extractor  
  76  7:55  Overlord x3  
  74  8:01  Drone x3  
  74  8:03  Drone x3  
  80  8:24  Drone x4  
  80  8:27  Drone x4  
  86  8:33  Spine Crawler  
  87  8:34  Spine Crawler x2  
  87  8:35  Drone x4, Spine Crawler  
  87  8:39  Drone x2  
  90  8:43  Hydralisk Den  
  90  8:44  Pneumatized Carapace  
  90  8:47  Infestation Pit  
  88  8:49  Drone  
  88  8:50  Zergling x10, Extractor  
  88  8:54  Zergling x8  
  88  8:55  Zergling x4  
  99  9:05  Zergling x12  
Tags
 
Add a new tag
Caveats
  • Supply blocks, unpowered buildings, or Contaminate may cause inaccurate times.
  • Supply counts are checked every 10 seconds.